 Dungeon Crawl Stone Soup version 0.24.0-37-gcf1ca852f1 (webtiles) character file.

Game seed: 6014314037895782666, levelgen mode: deterministic

31 Belius the Skirmisher (level 3, -1/30 HPs)
             Began as a Formicid Abyssal Knight on Dec 6, 2019.
             Was a Follower of Lugonu.
             Succumbed to a kobold's poison
             ... on level 2 of the Dungeon.
             The game lasted 00:02:22 (1100 turns).

Belius the Skirmisher (Formicid Abyssal Knight)     Turns: 1100, Time: 00:02:22

Health: -1/30      AC:  8    Str: 17    XL:     3   Next: 40%
Magic:  5/5        EV:  2    Int: 11    God:    Lugonu [*.....]
Gold:   26         SH: 11    Dex: 10    Spells: 2/2 levels left

rFire    . . .     SeeInvis +   a - +1 falchion
rCold    . . .     Gourm    .   h - +0 large shield
rNeg     . . .     Faith    .   e - +0 chain mail
rPois    .         Spirit   .   (helmet unavailable)
rElec    .         Reflect  .   (no cloak)
rCorr    .         Harm     .   (no gloves)
MR       .....                  (no boots)
Stlth    ..........             (no amulet)
HPRegen  0.10/turn              (no ring)
MPRegen  0.09/turn              (no ring)

@: lethally poisoned (-1 -> -41)
A: permanent stasis, dig shafts and tunnels, four strong arms, antennae 3
a: Dig, Shaft Self, Depart the Abyss, Renounce Religion


You were on level 2 of the Dungeon.
You worshipped Lugonu.
Lugonu was aware of your devotion.
You were hungry.

You visited 1 branch of the dungeon, and saw 2 of its levels.
You visited the Abyss 1 time.

You collected 26 gold pieces.

Inventory:

Hand Weapons
 a - a +1 falchion (weapon)
Armour
 b - a +0 leather armour
 e - a +0 chain mail (worn)
 h - a +0 large shield (worn)
Scrolls
 f - a scroll of enchant armour {unknown}
 i - 2 scrolls of fog {unknown}
 k - a scroll of magic mapping {unknown}
 m - 2 scrolls of identify {unknown}
 n - a scroll of amnesia {unknown}
 o - a scroll of teleportation {unknown}
 p - a scroll of enchant weapon {unknown}
Potions
 d - a potion of curing {unknown}
 g - a potion of might {unknown}
 j - a potion of magic {unknown}
 l - a potion of degeneration {unknown}
Comestibles
 c - 2 rations


   Skills:
 + Level 4.0 Fighting
 + Level 2.4 Long Blades
 + Level 2.3 Armour
 + Level 0.8 Dodging
 + Level 0.3 Shields
 + Level 2.6 Invocations


You had 2 spell levels left.
You didn't know any spells.
Your spell library was empty.

Dungeon Overview and Level Annotations

Branches:
Dungeon (2/15)

Altars:


Innate Abilities, Weirdness & Mutations

You cannot be hasted, slowed, berserked, paralysed or teleported.
You can dig through walls and to a lower floor.
Your four strong arms can wield two-handed weapons with a shield.
You have a pair of large antennae on your head. (SInv)


Message History

The kobold hits you but does no damage.
You are more poisoned.
You closely miss the kobold.
The kobold is moderately wounded.
You feel very sick. You block the kobold's attack.
The kobold hits you with a +2 whip of venom.
* * * LOW HITPOINT WARNING * * *
You hit the kobold.
The kobold is severely wounded.
* * * LOW HITPOINT WARNING * * *
You feel very sick. The kobold hits you but does no damage.
You are more poisoned.
You hit the kobold but do no damage.
The kobold is severely wounded.
* * * LOW HITPOINT WARNING * * *
You feel very sick. You block the kobold's attack. x2
You die...

.........#<####.#..#.# .....
####.##..##..........#......
# #.##...#.###....#.#..... #
#.##...#.# #.#........ #
#.##.....# #.#....#.##### #
#.##..#..###.#.?)........ #
#.##............###...... #
#.##.....###.#.K###.####.
####.#..........@........
............###.#...#.... {
....................# ###
.............##.#.....
...........#.##.#w.##.#
....##.#...#.......# .#
...........# .#.#..# #
.......#............
.#..##.#...#.


You could see a worm and a kobold.

Vanquished Creatures
  2 dart slugs
  2 giant cockroaches
  2 goblins (D:2)
  3 hobgoblins
  3 jackals (D:1)
  4 bats (D:1)
  4 frilled lizards
  3 kobolds
  A rat (D:1)
24 creatures vanquished.

Notes
Turn   | Place    | Note
-------+----------+-------------------------------------------
     0 | Abyss:1  | Belius the Formicid Abyssal Knight began the quest for the
                  | Orb.
     0 | Abyss:1  | Reached XP level 1. HP: 18/18 MP: 2/2
    97 | Abyss:1  | Noticed a chaos spawn
   120 | D:1      | Escaped the Abyss
   319 | D:1      | Reached XP level 2. HP: 20/25 MP: 3/3
   323 | D:1      | Reached * piety under Lugonu
   976 | D:2      | Reached XP level 3. HP: 30/30 MP: 4/4
  1036 | D:2      | Reached skill level 4 in Fighting
  1100 | D:2      | Succumbed to a kobold's poison

Levels and vault maps discovered:
D:1:      giann_bridges, layout_loops_ring, chequers_serial_rivers_small_b,
          chequers_serial_rivers_small_b
D:2:      layout_basic, grunt_temple_overflow_opulence,
          chequers_ecumenical_altar_simple_redux, first_ration, hex_medium

Skill      XL: |  1  2  3 |
---------------+----------+-----
Fighting       | 4 |  4.0
Long Blades    | |  2.4
Armour         | |  2.3
Dodging        | |  0.8
Shields        | |  0.3
Invocations    | |  2.6

Action                   || total
-------------------------++-------
Melee: Falchion          ||    91
Invok: Depart the Abyss  ||     1
Armor: Chain mail        ||    63
Dodge: Dodged            ||     9
Block: Large shield      ||    67
       Rpst.: Falchion   ||     1
